 Dungeon Crawl Stone Soup version 0.25.1-2-g60ff931df9 (webtiles) character file.

Game seed: 14594631359048271526

23 GreenHornet the Stinger (level 2, 0/13 HPs)
             Began as a Spriggan Venom Mage on Nov 6, 2020.
             Slain by a kobold
             ... wielding a +1 short sword of draining
              (1 damage)
             ... on level 1 of the Dungeon.
             The game lasted 00:08:54 (828 turns).

GreenHornet the Stinger (Spriggan Venom Mage)        Turns: 828, Time: 00:08:55

Health: 0/13       AC:  2    Str:  4    XL:     2   Next: 72%
Magic:  1/7        EV: 18    Int: 16    God:
Gold:   67         SH:  0    Dex: 16    Spells: 6/7 levels left

rFire    . . .     SeeInvis +   b - +0 dagger
rCold    . . .     Gourm    .   (shield restricted)
rNeg     . . .     Faith    .   a - +0 robe
rPois    .         Spirit   .   (helmet restricted)
rElec    .         Reflect  .   (no cloak)
rCorr    .         Harm     .   (gloves unavailable)
MR       .....                  (boots unavailable)
Stlth    ++........             (no amulet)
HPRegen  0.04/turn              (no ring)
MPRegen  0.10/turn              (no ring)

@: drained, very quick
A: very small, unfitting armour, see invisible, herbivore, speed 3, slow
metabolism 2
a: no special abilities


You were on level 1 of the Dungeon.
You were not hungry.

You visited 1 branch of the dungeon, and saw 1 of its levels.

You collected 67 gold pieces.

Inventory:

Hand Weapons
 b - a +0 dagger (weapon)
Armour
 a - a +0 robe (worn)
Jewellery
 e - an uncursed ring of poison resistance {unknown}
Scrolls
 d - a scroll of teleportation {unknown}
 f - a scroll of remove curse {unknown}
Potions
 g - a potion of brilliance {unknown}
Comestibles
 c - a ration


   Skills:
 + Level 3.4(2.8) Dodging
 + Level 3.2(2.6) Stealth
 + Level 3.0(2.4) Spellcasting
 + Level 1.9(1.3) Transmutations
 + Level 3.4(2.8) Poison Magic


You had 6 spell levels left.
You knew the following spells:

 Your Spells              Type           Power        Failure   Level  Hunger
a - Sting                 Tmut/Pois      #...         9%          1    #......

Your spell library contained the following spells:

 Spells                   Type           Power        Failure   Level  Hunger
 Poisonous Vapours        Pois/Air       #.....       17%         2    ###....
 Ignite Poison            Fire/Tmut/Pois #.......     32%         3    ###....
 Mephitic Cloud           Conj/Pois/Air  #.......     38%         3    ###....
 Olgreb's Toxic Radiance  Pois           ##......     52%         4    #####..


Dungeon Overview and Level Annotations

Branches:
Dungeon (1/15)

Altars:


Innate Abilities, Weirdness & Mutations

You are very small and have problems with some larger weapons.
You are too small for most types of armour.
You have supernaturally acute eyesight. (SInv)
You are a herbivore.
You cover ground extremely quickly.
You need to consume almost no food.


Message History

Press: ? - help, Shift-Dir - straight line, f - kobold
Aim: a kobold, wielding a +1 short sword of draining The sting misses the kobold.
The bat is sucked into a shaft!
The shaft crumbles and collapses.
The kobold closely misses you.
You closely miss the kobold.
The kobold hits you with a +1 short sword of draining.
You feel drained.
You barely miss the kobold. The kobold misses you.
You hit the kobold but do no damage. The kobold misses you.
Casting: Sting (safe; 7% risk of failure)
Confirm with . or Enter, or press ? or * to list all spells.
Aiming: Sting (safe; 7% risk of failure)
Press: ? - help, Shift-Dir - straight line, p - kobold
Okay, then.
You hit the kobold but do no damage.
The kobold hits you with a +1 short sword of draining!
Ouch! That really hurt!
* * * LOW HITPOINT WARNING * * *
You feel drained.
You die...

#.#.........#.......
##)#.)...............
#......#######.......
#..(.................
#....................
#....................
#....................
#..)K................
#...@................
#....................
#######..............
#..............
#........######
##########


You could see a kobold.

Vanquished Creatures
  A dart slug (D:1)
  2 leopard geckos (D:1)
  A ball python (D:1)
  A bat (D:1)
  A hobgoblin (D:1)
  2 kobolds (D:1)
  7 goblins (D:1)
  2 rats (D:1)
17 creatures vanquished.

Notes
Turn   | Place    | Note
-------+----------+-------------------------------------------
     0 | D:1      | GreenHornet the Spriggan Venom Mage began the quest for the
                  | Orb.
     0 | D:1      | Reached XP level 1. HP: 9/9 MP: 5/5
   347 | D:1      | Reached XP level 2. HP: 13/13 MP: 3/6
   828 | D:1      | Slain by a kobold

Illustrated notes

Levels and vault maps discovered:
D:1:      lemuel_arrival_lava_pool, layout_basic

Skill      XL: |  1  2 |
---------------+-------+-----
Spellcasting   | 3 |  3.0
Dodging        | |  3.4
Stealth        | |  3.2
Transmutations | |  1.9
Poison Magic   | |  3.4

Action                   || total
-------------------------++-------
Melee: Dagger            ||    29
 Cast: Sting             ||    25
  Use: Scroll            ||     1
Armor: Robe              ||     2
Dodge: Dodged            ||    30
